 Dungeon Crawl Stone Soup version 0.29.0-4-gdea44cf6ec (webtiles) character file.

Game seed: 7509327270389042409

224 qw the Chopper (level 6, -1/35 HPs)
             Began as a Tengu Warper on Aug 28, 2022.
             Slain by a gnoll bouda
             ... wielding a +0 club
              (4 damage)
             ... on level 4 of the Dungeon.
             The game lasted 00:00:21 (3727 turns).

qw the Chopper (Tengu Warper)                       Turns: 3727, Time: 00:00:22

Health: -1/35      AC: 10    Str: 13    XL:     6   Next: 0%
Magic:  19/19      EV:  8    Int: 14    God:
Gold:   104        SH:  0    Dex: 13    Spells: 9/9 levels left

rFire   + . .      SeeInvis .   Y - +1 hand axe
rCold   . . .      Faith    .   (no shield)
rNeg    . . .      Spirit   .   h - +0 plate armour
rPois   .          Reflect  .   (helmet restricted)
rElec   .          Harm     .   (no cloak)
rCorr   .          Rampage  .   (no gloves)
Will    .....                   (boots unavailable)
Stlth   ..........              (no amulet)
HPRegen 0.11/turn               a - ring of Xom's Wantonness {rF+ MP+9 Stlth+}
MPRegen 0.16/turn               f - +4 ring of evasion

@: lethally poisoned (-1 -> -13), weakened, flying quickly and evasively, quick
A: beak, talons 3, nimble flight
a: no special abilities


You were on level 4 of the Dungeon.
You visited 1 branch of the dungeon, and saw 4 of its levels.

You collected 104 gold pieces.


Innate Abilities, Weirdness & Mutations

You have a beak for a mouth.
You have claws for feet.
Your magical nature lets you fly swiftly and evasively.


   Skills:
 - Level 2.0 Fighting
 + Level 6.3 Axes
 - Level 1.0 Throwing
 - Level 2.0 Armour
 - Level 2.1 Dodging
 - Level 2.0 Spellcasting
 - Level 2.4 Translocations


You had 9 spell levels left.
You didn't know any spells.
Your spell library contained the following spells:

 Spells                   Type           Power      Damage    Failure   Level
 Blink                    Tloc           16%        N/A       100%        2
 Gell's Gravitas          Tloc           8%         N/A       100%        3
 Lesser Beckoning         Tloc           8%         N/A       100%        3
 Teleport Other           Tloc           8%         N/A       100%        3
 Manifold Assault         Tloc           8%         N/A       100%        5

Inventory:

Hand Weapons
 c - a +0 vampiric whip
 Y - a +1 hand axe (weapon)
Missiles
 e - 2 boomerangs
 g - 5 javelins (quivered)
 j - 3 boomerangs of dispersal
Armour
 h - a +0 plate armour (worn)
Jewellery
 a - the ring of Xom's Wantonness (left hand) {rF+ MP+9 Stlth+}
   (You found it on level 2 of the Dungeon)

   [ring of magical power]

   rF:        It protects you from fire.
   MP:        It affects your magic capacity (+9).
   Stlth:     It makes you more stealthy.
 f - a +4 ring of evasion (right hand)
Scrolls
 i - a scroll of identify
Potions
 k - a potion of mutation
 l - 2 potions of curing
 m - a potion of haste

Dungeon Overview and Level Annotations

Branches:
Dungeon (4/15)
 Temple: D:4-7

Altars:
Hepliaklqana
Ru

Annotations:
D:2 1 runed translucent door, Crazy Yiuf
D:3 3 runed translucent doors, qw's ghost, amateur TeWr
D:4 Dowan; Duvessa


Message History

The gnoll barely misses you. x2
The gnoll bouda calls upon its god to heal the gnoll.
The gnoll's wounds heal themselves!
Duvessa closely misses you.
You closely miss Duvessa. Your kick misses Duvessa. You barely miss the gnoll.
The gnoll hits you from afar with a +0 spear.
The gnoll hits you with a +0 spear.
Duvessa hits you with a +2 short sword of venom!
You are lethally poisoned!
You hit Duvessa.
Duvessa is lightly wounded.
You hit the gnoll bouda but do no damage.
You hit the gnoll.
You feel very sick. The gnoll closely misses you. x2
The gnoll bouda hits you but does no damage.
Duvessa hits you with a +2 short sword of venom.
You are more poisoned.
3725 ||| DRINKING potion of heal wounds.
You feel much better.
You feel very sick.
The gnoll hits you from afar with a +0 spear.
The gnoll hits you with a +0 spear.
The gnoll bouda gazes fiercely through you!
You feel as though you will be weak longer.
The gnoll bouda hits you with a +0 club.
Duvessa hits you but does no damage.
You hit the gnoll but do no damage. You claw the gnoll.
The gnoll is severely wounded.
You hit Duvessa but do no damage. You closely miss the gnoll bouda.
You feel very sick. The gnoll hits you but does no damage.
The gnoll hits you with a +0 spear.
The gnoll bouda hits you but does no damage.
Duvessa barely misses you.
You hit the gnoll. You claw the gnoll, but do no damage. You peck the gnoll.
You kill the gnoll!
You hit the gnoll bouda. You hit Duvessa but do no damage. You hit Dowan.
You feel very sick. The gnoll hits you but does no damage.
The gnoll bouda hits you with a +0 club.
You die...

#.. ... ..## ###.. ...
.#..# .e ....# ##.
.g..### #..#..#...# .
##..e#gg##..# ...
...##..#e@)#..... ... .
.....#...#...#...
.........#...#...#...#
........#...#...#...#...
......#...#...#...#...#.
...#....#...#...#...#..
...##.#...#...#...#...#
#..##...#...#...#...#...
...##.#...#...#...#...#.


You could see Duvessa, Dowan, a gnoll bouda and 2 gnolls.

Vanquished Creatures
  A hound (D:3)
  Jessica (D:3)
  2 orc wizards (D:3)
  2 gnolls (D:4)
  4 adders
  A dart slug (D:1)
  7 orcs (D:3)
  2 ball pythons
  4 bats
  3 endoplasms
  3 giant cockroaches
  8 goblins
  6 hobgoblins
  3 quokkas
  6 frilled lizards
  7 kobolds
  6 rats
66 creatures vanquished.

Notes
Turn   | Place    | Note
-------+----------+-------------------------------------------
     0 | D:1      | qw the Tengu Warper began the quest for the Orb.
     0 | D:1      | Reached XP level 1. HP: 12/12 MP: 4/4
     0 | D:1      | 0 ||| qw: Version: 0.1-a-89-g26bdef1
     0 | D:1      | 0 ||| qw: Game counter: 2025
     0 | D:1      | 0 ||| qw: Always use a shield: true
     0 | D:1      | 0 ||| qw: God list: Okawaru
     0 | D:1      | 0 ||| qw: Allow faded altars: false
     0 | D:1      | 0 ||| qw: Do Orc after D:15 true
     0 | D:1      | 0 ||| qw: Do second Lair branch before Depths: true
     0 | D:1      | 0 ||| qw: Lair rune preference: random
     0 | D:1      | 0 ||| qw: Plans: Normal
     0 | D:1      | 0 ||| PLANNING D:1-11
   192 | D:1      | 192 ||| Stepping ~*~*~tactically~*~*~ (stealth).
   203 | D:1      | Reached skill level 3 in Axes
   203 | D:1      | Reached XP level 2. HP: 16/17 MP: 6/6
   482 | D:1      | 482 ||| Stepping ~*~*~tactically~*~*~ (stealth).
   519 | D:1      | 519 ||| Stepping ~*~*~tactically~*~*~ (stealth).
   759 | D:1      | Reached XP level 3. HP: 18/21 MP: 7/7
   918 | D:1      | Found a faded altar of an unknown god.
  1239 | D:1      | 1239 ||| UPGRADING to +0 plate armour.
  1249 | D:1      | 1249 ||| DROPPING +0 leather armour.
  1250 | D:1      | 1250 ||| READING scroll labelled GUR JAXZIX.
  1251 | D:1      | 1251 ||| READING 5 scrolls labelled MAUFFEMUPOFU.
  1252 | D:1      | 1252 ||| READING scroll labelled FYQOENTAOGOI.
  1253 | D:1      | 1253 ||| READING 4 scrolls of identify.
  1253 | D:1      | 1253 ||| IDENTIFYING inky potion
  1254 | D:1      | 1254 ||| READING 3 scrolls of identify.
  1254 | D:1      | 1254 ||| IDENTIFYING red potion
  1255 | D:1      | 1255 ||| READING 2 scrolls of identify.
  1255 | D:1      | 1255 ||| IDENTIFYING fuming dark potion
  1256 | D:1      | 1256 ||| DROPPING scroll of blinking.
  1257 | D:1      | 1257 ||| DROPPING potion of lignification.
  1333 | D:2      | Reached skill level 4 in Axes
  1533 | D:2      | Identified the ring of Xom's Wantonness {rF+ MP+9 Stlth+}
  1614 | D:2      | 1614 ||| FLEEEEING.
  1627 | D:2      | 1627 ||| FLEEEEING.
  1633 | D:2      | 1633 ||| STAIRDANCE
  1691 | D:1      | 1691 ||| UPGRADING to ring of Xom's Wantonness {rF+ MP+9
                  | Stlth+}.
  1752 | D:1      | 1752 ||| READING 3 scrolls of identify.
  1752 | D:1      | 1752 ||| IDENTIFYING orange potion
  1800 | D:2      | Identified the +0 helmet of Leid {+Inv rN+++ Will- Str-4}
  1978 | D:2      | You fall into a shaft and drop 1 floor!
  2007 | D:3      | 2007 ||| READING scroll labelled KITOEW YKHUOCH.
  2008 | D:3      | 2008 ||| READING scroll labelled ISTREO DENU.
  2011 | D:3      | Found a sacrificial altar of Ru.
  2025 | D:3      | Reached XP level 4. HP: 20/26 MP: 8/8
  2094 | D:3      | 2094 ||| READING 2 scrolls of identify.
  2094 | D:3      | 2094 ||| IDENTIFYING bubbling purple potion
  2095 | D:3      | 2095 ||| DROPPING potion of ambrosia.
  2196 | D:2      | Found a runed translucent door.
  2197 | D:2      | Noticed Crazy Yiuf
  2425 | D:2      | 2425 ||| Stepping randomly (stuck).
  2496 | D:3      | 2496 ||| DROPPING +0 mace.
  2501 | D:3      | Noticed Jessica
  2502 | D:3      | 2502 ||| Stepping ~*~*~tactically~*~*~ (hiding).
  2510 | D:3      | Killed Jessica
  2511 | D:3      | Reached skill level 5 in Axes
  2642 | D:3      | Gained mutation: Your magical nature lets you fly swiftly
                  | and evasively. [Tengu growth]
  2642 | D:3      | Reached XP level 5. HP: 20/30 MP: 9/9
  2788 | D:3      | 2788 ||| Stepping ~*~*~tactically~*~*~ (stealth).
  3088 | D:3      | Found a runed translucent gate.
  3089 | D:3      | Found a runed translucent gate.
  3090 | D:3      | Found a runed translucent gate.
  3091 | D:3      | Noticed qw's ghost (amateur TeWr)
  3092 | D:3      | Noticed qw's ghost (amateur TeWr)
  3092 | D:3      | Noticed qw's ghost (amateur TeWr)
  3214 | D:3      | Found a hazy altar of Hepliaklqana.
  3222 | D:3      | Reached skill level 6 in Axes
  3435 | D:3      | 3435 ||| UPGRADING to +4 ring of evasion.
  3436 | D:3      | 3436 ||| READING scroll labelled UNUK APSELEZAE.
  3437 | D:3      | 3437 ||| READING 2 scrolls of identify.
  3437 | D:3      | 3437 ||| IDENTIFYING bubbling black potion
  3470 | D:4      | 3470 ||| STAIRDANCE
  3536 | D:4      | 3536 ||| STAIRDANCE
  3712 | D:4      | 3712 ||| Stepping ~*~*~tactically~*~*~ (hiding).
  3712 | D:4      | Noticed Dowan
  3713 | D:4      | 3713 ||| Stepping ~*~*~tactically~*~*~ (hiding).
  3713 | D:4      | Noticed Duvessa
  3719 | D:4      | Reached XP level 6. HP: 32/35 MP: 10/10
  3724 | D:4      | HP: 5/35 [poisoned by Duvessa]
  3724 | D:4      | HP: 2/35 [Duvessa/+2 short sword of venom (3)]
  3725 | D:4      | 3725 ||| DRINKING potion of heal wounds.
  3727 | D:4      | Slain by a gnoll bouda

Levels and vault maps discovered:
D:1:      tarquinn_simple_flora_water_f, layout_loops_corners,
          basic_ecumenical_altar
D:2:      layout_loops_ring, uniq_crazy_yiuf_cottage
D:3:      layout_loops_ring, nicolae_ru_great_annihilating_truth,
          mainiacjoe_overflow_alcove_2, gammafunk_ghost_cemetery, uniq_jessica
D:4:      layout_cave_pods, cheibriados_altar_1, hex_large, kennysheep_potato,
          uniq_edmund, uniq_eustachio, uniq_duvessa, uniq_natasha

Skill      XL: |  1  2  3  4  5 |
---------------+----------------+-----
Axes           | 3 4 5 6 |  6.3
Armour         | 2 |  2.0
Fighting       | |  2.0
Throwing       | |  1.0
Dodging        | |  2.1
Spellcasting   | |  2.0
Translocations | |  2.4

Action                   |  1- 3 |  4- 6 || total
-------------------------+-------+-------++-------
Melee: Hand axe          |    94 |    85 ||   179
       Kick              |    25 |    23 ||    48
       Peck              |    11 |     9 ||    20
       Punch             |     1 |       ||     1
Throw: Boomerang         |     7 |     5 ||    12
       Javelin           |       |    13 ||    13
  Use: Scroll            |     9 |     3 ||    12
       Potion            |       |     1 ||     1
 Stab: Paralysed         |     2 |       ||     2
       Invisible         |     1 |       ||     1
Armor: Leather armour    |    15 |       ||    15
       Plate armour      |    16 |    58 ||    74
Dodge: Dodged            |    40 |    21 ||    61

Table legend:
 A = Non-vault XP
 B = Vault XP
 C = Vault XP percentage of total XP
 D = Non-vault monster count
 E = Vault monster count
 F = Vault count percentage of total count
                 A         B        C        D         E       F
            +---------+---------+-------+---------+---------+-------
      Total |     258 |      76 |  22.8 |      61 |       5 |   7.6
            +---------+---------+-------+---------+---------+-------
        D:1 |      44 |       0 |   0.0 |      27 |       0 |   0.0
        D:2 |      27 |       0 |   0.0 |       9 |       0 |   0.0
        D:3 |     144 |      76 |  34.5 |      21 |       5 |  19.2
        D:4 |      43 |       0 |   0.0 |       4 |       0 |   0.0
            +---------+---------+-------+---------+---------+-------
